 Dungeon Crawl Stone Soup version 0.30.0-29-ga12c61a403 (webtiles) character file.

Game seed: 2969650171638327022

457 Graphine the Changer (level 7, -9/51 HPs)
             Began as a Merfolk Transmuter on June 23, 2023.
             Was an Initiate of Wu Jian.
             Mangled by a gnoll sergeant
             ... wielding a +4 trident of venom
              (16 damage)
             ... on level 8 of the Dungeon.
             The game lasted 00:13:47 (3934 turns).

Graphine the Changer (Merfolk Transmuter)           Turns: 3934, Time: 00:13:47

Health: -9/51      AC:  2    Str: 11    XL:     7   Next: 6%
Magic:  3/11       EV: 14    Int: 14    God:    Wu Jian [......]
Gold:   248        SH:  5    Dex: 14    Spells: 5/12 levels left

rFire   . .          .
                       - Unarmed
rCold   . . .        (no shield)
rNeg    + . .        a - +0 robe
rPois   .            d - melded +0 helmet
rElec   .            (no cloak)
rCorr   .            (no gloves)
SInv    .            r - melded +0 pair of boots
Will    .....        m - amulet of reflection
Stlth   +            h - ring of positive energy
HPRegen 0.28/turn    n - +4 ring of slaying
MPRegen 0.12/turn

%: reflection
@: lethally poisoned (-9 -> -34), appendages (expiring), wereblooded
A: horns 2, (nimble swimmer 2), mertail
a: End Transformation, Renounce Religion


You were on level 8 of the Dungeon.
You worshipped Wu Jian.
Wu Jian was noncommittal.
You had temporarily grown beastly horns.
You visited 2 branches of the dungeon, and saw 7 of its levels.

You collected 248 gold pieces.

Inventory:

Hand Weapons
 i - a +1 dagger of venom
 k - a +0 mace of holy wrath
Armour
 a - a +0 robe (worn)
 d - a +0 helmet (melded)
 q - a +1 leather armour of poison resistance
 r - a +0 pair of boots (melded)
Jewellery
 h - a ring of positive energy (left hand)
 m - an amulet of reflection (around neck)
 n - a +4 ring of slaying (right hand)
 t - a ring of magical power
Scrolls
 c - a scroll of magic mapping
 f - 3 scrolls of teleportation
Potions
 e - a potion of flight {unknown}
 g - a potion of mutation
 j - 3 potions of resistance
 l - a potion of degeneration
 o - a potion of heal wounds


   Skills:
 + Level 2.7 Fighting
 * Level 5.4 Dodging
 + Level 4.2 Unarmed Combat
 + Level 3.0 Spellcasting
 * Level 5.6 Transmutations
 - Level 2.0 Invocations


You had 5 spell levels left.
You knew the following spells:

 Your Spells              Type           Power      Damage    Failure   Level
a - Beastly Appendage     Tmut           34%        N/A       2%          1
b - Wereblood             Tmut           17%        N/A       3%          2
c - Ice Form              Ice/Tmut       9%         N/A       56%         4

Your spell library contained the following spells:

 Spells                   Type           Power      Damage    Failure   Level
 Spider Form              Tmut/Pois      9%         N/A       21%         3
 Dazzling Flash           Conj/Hex       4%         N/A       54%         3
 Summon Guardian Golem    Hex/Summ       2%         N/A       54%         3
 Volatile Blastmotes      Fire/Tloc      4%         2d10      54%         3
 Iskenderun's Mystic Bla  Conj/Tloc      2%         2d3       91%         4
 Starburst                Conj/Fire      1%         6d3       100%        6
 Orb of Destruction       Conj           1%         9d5       100%        7
 Spellforged Servitor     Conj/Summ      1%         N/A       100%        7


Dungeon Overview and Level Annotations

Branches:
Dungeon (8/15)             Temple (1/1) D:4
   Lair: D:8-11

Altars:
Ashenzari
Cheibriados
Dithmenos
Fedhas
Hepliaklqana
Okawaru
Qazlal
Ru
Sif Muna
Trog
Uskayaw
Vehumet
Wu Jian
Zin


Innate Abilities, Weirdness & Mutations

You have temporarily grown beastly horns.
((You are very nimble when in or above water. (Stealth+, EV+, Speed+++)))
Your lower body shifts to a powerful aquatic tail in water.


Message History

Your headbutt misses the gnoll sergeant.
The gnoll sergeant is severely wounded.
The gnoll sergeant hits you with a +4 trident of venom.
Attack: -) Nothing wielded
Press: ? - help, Dir - move target, f/p - gnoll sergeant
Aim: a gnoll sergeant, wielding a +4 trident of venom, wearing a +0 scale mail and wearing a +0 kite shield (severely wounded, about 23% to evade your hands)
The gnoll sergeant blocks your attack. x2
The gnoll sergeant is severely wounded.
The gnoll sergeant hits you with a +4 trident of venom!
* * * LOW HITPOINT WARNING * * *
You are lethally poisoned!
Attack: -) Nothing wielded
Press: ? - help, Dir - move target, f/p - gnoll sergeant
Aim: a gnoll sergeant, wielding a +4 trident of venom, wearing a +0 scale mail and wearing a +0 kite shield (severely wounded, about 23% to evade your hands)
You hit the gnoll sergeant but do no damage.
The gnoll sergeant is severely wounded.
* * * LOW HITPOINT WARNING * * *
You feel very sick.
The gnoll sergeant completely misses you.
You feel much better.
You feel very sick. You block the gnoll sergeant's attack.
Attack: -) Nothing wielded
Press: ? - help, Dir - move target, f/p - gnoll sergeant
Aim: a gnoll sergeant, wielding a +4 trident of venom, wearing a +0 scale mail and wearing a +0 kite shield (severely wounded, about 23% to evade your hands)
You hit the gnoll sergeant but do no damage.
The gnoll sergeant is severely wounded.
You feel sick.
The gnoll sergeant hits you with a +4 trident of venom!
* * * LOW HITPOINT WARNING * * *
You are lethally poisoned!
Attack: -) Nothing wielded
Press: ? - help, Dir - move target, f/p - gnoll sergeant
Aim: a gnoll sergeant, wielding a +4 trident of venom, wearing a +0 scale mail and wearing a +0 kite shield (severely wounded, about 23% to evade your hands)
The gnoll sergeant blocks your attack.
You headbutt the gnoll sergeant!
The gnoll sergeant is almost dead.
* * * LOW HITPOINT WARNING * * *
You feel very sick.
The gnoll sergeant hits you with a +4 trident of venom!
You die...

#.............
#>............
#.............
#............. .
#............. #'##
#............. .....
#...).........
......########'#######
......g@)## #.#
##+#####.(####.#
##..(##.# ###.##.#
#....# #######..##
.......>## #########


You could see a gnoll sergeant.

Vanquished Creatures
  Duvessa (D:4)
  Dowan (D:4)
  A hound (D:4)
  2 orc priests
  2 orc wizards (D:4)
  3 adders
  3 gnolls (D:8)
  A shadow imp (D:8)
  4 worms
  3 dart slugs
  12 orcs
  9 endoplasms
  2 giant cockroaches
  8 goblins
  5 hobgoblins
  4 jackals (D:3)
  5 quokkas
  4 ball pythons
  6 bats
  6 frilled lizards
  4 kobolds (D:1)
  5 rats
91 creatures vanquished.

Vanquished Creatures (others)
  A giant cockroach (D:4)
1 creature vanquished.

Grand Total: 92 creatures vanquished

Notes
Turn   | Place    | Note
-------+----------+-------------------------------------------
     0 | D:1      | Graphine the Merfolk Transmuter began the quest for the
                  | Orb.
     0 | D:1      | Reached XP level 1. HP: 15/15 MP: 3/3
   184 | D:1      | Reached XP level 2. HP: 21/21 MP: 3/5
   276 | D:1      | Learned a level 2 spell: Wereblood
   703 | D:1      | Reached XP level 3. HP: 26/26 MP: 2/6
  1813 | D:3      | Reached skill level 1 in Invocations
  1828 | D:3      | Reached XP level 4. HP: 32/32 MP: 5/7
  2021 | D:3      | Reached XP level 5. HP: 38/38 MP: 4/8
  2663 | D:4      | Noticed Duvessa
  2663 | D:4      | Noticed Dowan
  2676 | D:4      | Killed Duvessa
  2677 | D:4      | Reached XP level 6. HP: 21/44 MP: 6/9
  2682 | D:4      | Killed Dowan
  2821 | D:4      | Found a staircase to the Ecumenical Temple.
  2830 | Temple   | Entered the Ecumenical Temple
  2872 | Temple   | Became a worshipper of the Wu Jian Council
  3153 | D:4      | Reached skill level 5 in Transmutations
  3330 | D:4      | Reached skill level 5 in Dodging
  3848 | D:5      | Entered Level 5 of the Dungeon
  3862 | D:5      | You fall into a shaft and drop 3 floors!
  3879 | D:8      | Learned a level 4 spell: Ice Form
  3917 | D:8      | Reached XP level 7. HP: 42/51 MP: 1/11
  3934 | D:8      | Mangled by a gnoll sergeant

Illustrated notes

Levels and vault maps discovered:
D:1:      minmay_arrival_plants_in_alcoves, layout_basic
D:2:      layout_basic, chequers_big_river, minmay_fractal_squares_5
D:3:      layout_loops_cross, minmay_three_crescents
D:4:      layout_rooms, lemuel_temple_firewalk_a, serial_co_window_serial,
          co_window_corner_a, co_window_corner_a, co_window_corner_a,
          co_window_paths_a, co_window_corner_a, co_window_broadway_a,
          co_window_broadway_b, co_window_broadway_b,
          co_window_of_opportunity_b, co_window_of_opportunity_c,
          co_window_4corner_b, co_window_paths_d, glass_columns_b,
          glass_columns_a, glass_columns_b, glass_columns_b,
          kennysheep_nondescript, minmay_misc_feat_alley, uniq_duvessa
D:5:      layout_rooms, minmay_quadrilaterals
D:8:      kennysheep_kobold_camp, layout_basic, overflow_temple_1_default,
          elyvilon_altar_3, serial_shops, nicolae_shop_pleasant_corner_grove,
          minmay_unpleasant_kobolds
Temple:   nicolae_temple_ecumenical_triangle

Skill      XL: |  1  2  3  4  5  6 |
---------------+-------------------+-----
Dodging        | 3 4 5 |  5.4
Transmutations | 3 4 5 |  5.6
Invocations    | 1 2 |  2.0
Fighting       | 2 |  2.7
Unarmed Combat | 4 |  4.2
Spellcasting   | 3 |  3.0

Action                     |  1- 3 |  4- 6 |  7- 9 || total
---------------------------+-------+-------+-------++-------
  Melee: Unarmed           |    90 |   120 |    15 ||   225
         Headbutt          |    16 |    21 |     4 ||    41
         Punch             |     5 |     6 |     1 ||    12
   Cast: Beastly Appendage |    25 |    15 |       ||    40
         Wereblood         |     7 |     8 |       ||    15
Ability: Lunge             |       |     6 |       ||     6
    Use: Scroll            |     7 |     5 |       ||    12
         Potion            |       |     2 |     2 ||     4
   Stab: Sleeping          |       |     1 |       ||     1
 Armour: Robe              |    14 |    16 |       ||    30
         Skin              |       |     2 |       ||     2
  Dodge: Dodged            |    47 |    55 |    11 ||   113
  Block: Other             |     1 |    26 |     3 ||    30
